 Dungeon Crawl Stone Soup version 0.27.1 (webtiles) character file.

Game seed: 16477459873239658345

5707 mediusvir the Cleaver (level 10, -2/83 HPs)
             Began as a Minotaur Berserker on Sept 3, 2021.
             Was a Priest of Trog.
             Slain by a will-o-the-wisp (7 damage)
             ... on level 2 of the Abyss.
             The game lasted 00:28:34 (10110 turns).

mediusvir the Cleaver (Minotaur Berserker)         Turns: 10110, Time: 00:28:36

Health: -2/83      AC:  8    Str: 26      XL:     10   Next: 48%
Magic:  9/9        EV: 11    Int:  6 (7)  God:    Trog [***...]
Gold:   306        SH:  0    Dex: 17      Spells: 9/9 levels left

rFire    + . .     SeeInvis .   M - +5 spear (flame)
rCold    . . .     Faith    .   (no shield)
rNeg     . . .     Spirit   .   F - +1 chain mail of Dithmenos's Pride {-Tele Rampage Int-3 Dex+8}
rPois    .         Reflect  .   (helmet restricted)
rElec    .         Harm     .   (no cloak)
rCorr    .         Rampage  +   (no gloves)
Will     .....     NoTele   +   (no boots)
Stlth    ..........             N - amulet of regeneration
HPRegen  1.23/turn              d - ring of protection from fire
MPRegen  0.11/turn              u - +6 ring of intelligence

@: on berserk cooldown, slowed, very slow
A: horns 2, retaliatory headbutt, deformed body, frail 1
a: Renounce Religion, Berserk, Trog's Hand


You were on level 2 of the Abyss.
You worshipped Trog.
Trog was most pleased with you.
You visited 1 branch of the dungeon, and saw 9 of its levels.
You visited the Abyss 1 time.

You collected 306 gold pieces.

Inventory:

Hand Weapons
 M - a +5 spear of flaming (weapon)
Armour
 F - the +1 chain mail of Dithmenos's Pride (worn) {-Tele Rampage Int-3 Dex+8}
   (You found it on level 7 of the Dungeon)

   Int:       It affects your intelligence (-3).
   Dex:       It affects your dexterity (+8).
   -Tele:     It prevents most forms of teleportation.
   Rampage:   It bestows one free step when moving towards enemies.
Jewellery
 d - a ring of protection from fire (left hand)
 q - an amulet of faith
 u - a +6 ring of intelligence (right hand)
 N - an amulet of regeneration (around neck)
Wands
 j - a wand of digging (6)
 y - a wand of acid (6)
 G - a wand of flame (12)
 J - a wand of charming (8)
 K - a wand of polymorph (11)
Scrolls
 b - a scroll of enchant weapon {unknown}
 e - a scroll of fear {unknown}
 f - 6 scrolls of identify
 g - 4 scrolls of magic mapping
 l - a scroll of blinking {unknown}
 s - a scroll of enchant armour {unknown}
 t - a scroll of amnesia {unknown}
 v - a scroll of fog {unknown}
 w - 5 scrolls of noise {unknown}
 A - 3 scrolls of teleportation {unknown}
 E - 2 scrolls of immolation {unknown}
 I - 2 scrolls of summoning {unknown}
Potions
 a - a potion of flight {unknown}
 h - a potion of haste {unknown}
 k - 2 potions of lignification
 n - 2 potions of magic
 o - a potion of invisibility {unknown}
 p - a potion of attraction {unknown}
 r - 4 potions of brilliance {unknown}
 x - 2 potions of ambrosia
 H - a potion of degeneration {unknown}


   Skills:
 * Level 10.3 Fighting
 - Level 11.0(11.5) Axes
 * Level 5.2(8.9) Polearms
 - Level 10.3 Armour
 - Level 4.2 Dodging
 - Level 1.0 Stealth


You had 9 spell levels left.
You didn't know any spells.
Your spell library was empty.

Dungeon Overview and Level Annotations

Branches:
Dungeon (9/15)             Temple (0/1) D:6
   Lair: D:8-11         Orc: D:9-12

Altars:
Gozag
Hepliaklqana
Nemelex Xobeh
Ru
Uskayaw
Yredelemnul

Shops:
D:3 (   D:6 [

Annotations:
D:9 Erolcha


Innate Abilities, Weirdness & Mutations

You have a pair of horns on your head.
You reflexively headbutt those who attack you in melee.
Armour fits poorly on your strangely shaped body.
You are frail. (-10% HP)


Message History

You rampage towards the will-o-the-wisp!
The will-o-the-wisp gestures.
The will-o-the-wisp conjures some foxfire! 2 foxfires come into view.
You rampage towards the foxfire!
The foxfire hits you! You resist. The foxfire hits you. You resist.
The will-o-the-wisp engulfs you!
You're still recovering from your berserk rage.
You puncture the small abomination! You burn the small abomination.
You headbutt the small abomination, but do no damage.
The small abomination is moderately damaged.
The small abomination misses you.
The will-o-the-wisp engulfs you but does no damage.
You closely miss the small abomination.
The small abomination is moderately damaged.
The small abomination hits you! The will-o-the-wisp engulfs you!
The small abomination hits you but does no damage.
You hit the small abomination. You burn the small abomination.
The small abomination is severely damaged.
The will-o-the-wisp gestures.
The will-o-the-wisp conjures some foxfire!
The small abomination closely misses you.
You furiously retaliate!
You headbutt the small abomination!
You destroy the small abomination!
Trog accepts your kill. 2 foxfires come into view.
You rampage towards the foxfire!
You puncture the foxfire!
The foxfire is lightly damaged.
The foxfire hits you. You resist. The foxfire hits you! You resist.
* * * LOW HITPOINT WARNING * * *
The will-o-the-wisp gestures.
The will-o-the-wisp conjures some foxfire! 2 foxfires come into view.
You puncture the foxfire! Your headbutt misses the foxfire.
The foxfire is lightly damaged.
The foxfire hits you! You resist.
* * * LOW HITPOINT WARNING * * *
The foxfire hits you! You resist.
* * * LOW HITPOINT WARNING * * *
The will-o-the-wisp engulfs you!
You die...

##. . ..# .#.#..#.
...#..#. .#
...#.....##...#...###
#..... ....#...... .#
.....##.......#..#.#
....#.#... .....#.##
##.∩...#..### ..#
#..§#.##..#.###.##
#.v@.#....#.... .#
#.§§...........#.#
#..##§#...#..#### .
#..........### ..#
#..#..##...#. . ..#
...#.........°... ##
.### #####..#.#§## ##
#.####§# ..# #


You could see a will-o-the-wisp.

Vanquished Creatures
  Joseph (D:8)
  6 slime creatures (D:8)
  A wyvern (D:7)
  2 steam dragons (D:7)
  A neqoxec (Abyss:2)
  Grum (D:5)
  Menkaure (D:7)
  2 orc warriors
  A sky beast (D:7)
  A hornet zombie (D:5)
  3 necrophages
  2 ogres
  2 centaurs
  A phantom (D:6)
  2 small abominations (Abyss:2)
  A kobold brigand (D:8)
  2 gnoll sergeants (D:8)
  A water moccasin zombie (D:5)
  A killer bee (D:9)
  A water moccasin skeleton (D:5)
  6 wights
  5 centaur zombies
  10 hounds
  A human zombie (D:5)
  5 orc priests
  2 centaur skeletons
  3 gnoll shamans
  2 jellies
  Jessica (D:2)
  5 orc wizards
  A scorpion zombie (D:5)
  8 iguanas
  4 hound zombies (D:5)
  A hound skeleton (D:4)
  2 mummies (D:5)
  6 adders
  23 gnolls
  A shadow imp (D:7)
  3 ufetubi
  An adder skeleton (D:4)
  An adder zombie (D:5)
  A worm (D:3)
  18 orcs
  6 ball pythons
  6 endoplasms
  4 giant cockroaches
  10 goblins
  2 hobgoblins
  7 quokkas
  4 bats
  5 frilled lizards
  10 kobolds
  5 rats
202 creatures vanquished.

Vanquished Creatures (others)
  6 foxfires (Abyss:2)
  A plant (Abyss:2)
7 creatures vanquished.

Grand Total: 209 creatures vanquished

Notes
Turn   | Place    | Note
-------+----------+-------------------------------------------
     0 | D:1      | mediusvir the Minotaur Berserker began the quest for the
                  | Orb.
     0 | D:1      | Reached XP level 1. HP: 19/19 MP: 0/0
  1010 | D:1      | Reached skill level 4 in Axes
  1010 | D:1      | Reached XP level 2. HP: 24/27 MP: 1/1
  1062 | D:2      | Noticed Jessica
  1072 | D:2      | Killed Jessica
  1073 | D:2      | Reached XP level 3. HP: 33/33 MP: 2/2
  1172 | D:2      | Found a faded altar of an unknown god.
  1362 | D:2      | You fall into a shaft and drop 1 floor!
  1400 | D:3      | Found Ypliw's Weapon Emporium.
  1773 | D:2      | Reached skill level 5 in Axes
  1773 | D:2      | Reached XP level 4. HP: 31/41 MP: 3/3
  2207 | D:3      | Reached ** piety under Trog
  2312 | D:3      | Noticed an ogre
  2318 | D:3      | Killed an ogre
  2319 | D:3      | Reached XP level 5. HP: 28/47 MP: 4/4
  4332 | D:4      | Reached skill level 6 in Axes
  4332 | D:4      | Reached XP level 6. HP: 46/53 MP: 5/5
  4825 | D:5      | Entered Level 5 of the Dungeon
  4888 | D:4      | Reached skill level 5 in Armour
  5409 | D:5      | Found an opulent altar of Gozag.
  5426 | D:5      | Reached skill level 5 in Fighting
  5456 | D:5      | Reached *** piety under Trog
  5457 | D:5      | Reached XP level 7. HP: 61/61 MP: 6/6
  5474 | D:5      | Reached skill level 7 in Axes
  5723 | D:5      | Noticed Grum
  5750 | D:5      | Killed Grum
  5755 | D:5      | Reached XP level 8. HP: 21/70 MP: 7/7
  6258 | D:5      | Reached skill level 8 in Axes
  6694 | D:5      | Found a basalt altar of Yredelemnul.
  6757 | D:5      | Reached skill level 1 in Stealth
  6814 | D:5      | Reached skill level 9 in Axes
  6830 | D:5      | Paralysed by a gnoll for 7 turns
  6855 | D:5      | Paralysed by a gnoll for 5 turns
  6954 | D:5      | Paralysed by a gnoll for 6 turns
  7160 | D:6      | Found a sacrificial altar of Ru.
  7198 | D:6      | Reached **** piety under Trog
  7369 | D:6      | Found a staircase to the Ecumenical Temple.
  7422 | D:6      | Reached XP level 9. HP: 66/79 MP: 8/8
  7502 | D:6      | Found Uzit's Antique Armour Boutique.
  8094 | D:6      | Found a sparkling altar of Nemelex Xobeh.
  8157 | D:6      | Found a hazy altar of Hepliaklqana.
  8553 | D:6      | Reached skill level 10 in Axes
  8749 | D:7      | Noticed Menkaure
  8756 | D:7      | Killed Menkaure
  8928 | D:7      | Identified the +1 chain mail of Dithmenos's Pride {-Tele
                  | Rampage Int-3 Dex+8}
  8980 | D:7      | Reached skill level 10 in Armour
  9313 | D:8      | Found a hide-covered altar of Uskayaw.
  9330 | D:8      | Reached skill level 11 in Axes
  9539 | D:8      | Reached skill level 1 in Polearms
  9582 | D:8      | Reached XP level 10. HP: 70/90 MP: 9/9
  9752 | D:8      | Noticed Joseph
  9768 | D:8      | Killed Joseph
  9769 | D:8      | Reached skill level 10 in Fighting
 10000 | D:9      | Noticed Erolcha
 10021 | D:9      | HP: 4/93 [gnoll (8)]
 10022 | D:9      | Cast into level 2 of the Abyss (gnoll sergeant)
 10070 | Abyss:2  | Gained mutation: You are frail. (-10% HP) [a neqoxec]
 10077 | Abyss:2  | Gained mutation: Armour fits poorly on your strangely
                  | shaped body. [a neqoxec]
 10087 | Abyss:2  | Reached skill level 5 in Polearms
 10103 | Abyss:2  | Noticed a will-o-the-wisp
 10110 | Abyss:2  | Slain by a will-o-the-wisp

Illustrated notes

Levels and vault maps discovered:
D:1:      dpeg_arrival_rooms_b, layout_basic
D:2:      layout_rooms, shapermc_ecumenical_altar_starsandcircs,
          corexii_hall_statues_s, uniq_jessica
D:3:      layout_loops_ring, serial_shops, nicolae_square_shop,
          minmay_fractal_squares_diagonal_5
D:4:      layout_cave_pools, corexii_shack
D:5:      layout_cave_pools, lemuel_mausoleum_altar_yredelemnul,
          overflow_temple_1_default, serial_gnoll_camp,
          gnoll_camp_mini_loothouse, gnoll_camp_huts_moat, grums_kennel,
          gnoll_camp_mini_hut
D:6:      layout_loops_ring, worldfamousw_hep_ancestral_shrine,
          mainiacjoe_overflow_alcove_2,
          mainiacjoe_overflow_concentric_impassable,
          minmay_temple_entry_water_ring, serial_shops,
          nicolae_shop_competitors_out_of_business, kennysheep_big_empty_room,
          nicolae_stop_n_shop_2
D:7:      layout_loops_cross, enter_bailey_3, minmay_misc_feat_five,
          st_stairs_12, nicolae_benzene_ring, uniq_menkaure
D:8:      layout_loops_ring, mainiacjoe_overflow_paths,
          ashenzari_conservatory_becter, uniq_joseph
D:9:      layout_cross, nicolae_dithmenos_the_darkroom, led_xom_imps,
          grunt_temple_overflow_cloverleaf, erik_lair_orcish_takeover,
          serial_column_ruins, column_ruins_square_small,
          column_ruins_open_large, column_ruins_columns_straight,
          column_ruins_open_medium, column_ruins_grid_1,
          column_ruins_corridor_corner, column_ruins_open_small, uniq_maurice,
          uniq_grum, uniq_erolcha
Abyss:2:  base: D:7, base: D:5, lemuel_flamethrower_2,
          hangedman_decor_peaks_small, hangedman_abyss_theft

Skill      XL: |  1  2  3  4  5  6  7  8  9 10 |
---------------+-------------------------------+-----
Axes           | 4 5 6 7 9 11 | 11.0
Fighting       | 4 5 7 8 10 | 10.3
Armour         | 3 4 5 7 8 10 | 10.3
Dodging        | 3 4 |  4.2
Stealth        | 1 |  1.0
Polearms       | 1 5 |  5.2

Action                   |  1- 3 |  4- 6 |  7- 9 | 10-12 || total
-------------------------+-------+-------+-------+-------++-------
Melee: Hand axe          |    33 |       |       |       ||    33
       Headbutt          |    10 |    17 |    63 |    17 ||   107
       War axe           |    15 |   111 |   240 |       ||   366
       Spear             |       |       |    21 |    55 ||    76
Invok: Berserk           |     2 |     8 |     9 |     3 ||    22
       Trog's Hand       |       |     1 |     7 |     1 ||     9
  Use: Potion            |     1 |     1 |     3 |     1 ||     6
       Scroll            |     1 |       |       |       ||     1
Armor: Animal skin       |     9 |       |       |       ||     9
       Chain mail        |    11 |    75 |   173 |    29 ||   288
Dodge: Dodged            |    42 |    93 |   196 |    39 ||   370
